 Seeded DCSS version 0.27-a0-1384-g1422d76b99 (webtiles) character file.

Game seed: 12507950344140203922 (custom seed)

316 flotson the Sneak (level 6, 0/42 HPs)
             Began as an Octopode Brigand on July 1, 2021.
             Slain by a kobold brigand (7 damage)
             ... in a sewer.
             The game lasted 00:09:51 (2849 turns).

flotson the Sneak (Octopode Brigand)                Turns: 2849, Time: 00:09:53

Health: 0/42       AC:  1    Str: 12    XL:     6   Next: 44%
Magic:  16/16      EV: 13    Int: 14    God:
Gold:   40         SH:  0    Dex: 13    Spells: 2/7 levels left

rFire    . . .     SeeInvis .   a - +1 dagger (venom)
rCold    + . .     Faith    .   (no shield)
rNeg     . . .     Spirit   .   (helmet restricted)
rPois    .         Reflect  .   (no amulet)
rElec    .         Harm     .   k - ring of magical power
rCorr    .         Rampage  .   l - ring of protection from cold
Will     .....                  (no ring)
Stlth    +++++.....             (no ring)
HPRegen  0.14/turn              (no ring)
MPRegen  0.15/turn              (no ring)
                                (no ring)
                                (no ring)

@: flying, slowed, very slow
A: almost no armour, amphibious, 8 rings, camouflage 1, gelatinous body 1,
nimble swimmer 1, tentacles
a: no special abilities


You were in a sewer.
You visited 1 branch of the dungeon, and saw 3 of its levels.
You also visited: Sewer.

You collected 131 gold pieces.
You spent 91 gold pieces at shops.

Inventory:

Hand Weapons
 a - a +1 dagger of venom (weapon)
Missiles
 b - 35 poisoned darts
 c - a curare-tipped dart (quivered)
 h - 25 sling bullets
Jewellery
 k - a ring of magical power (left tentacle)
 l - a ring of protection from cold (right tentacle)
Scrolls
 d - a scroll of fog {unknown}
 f - 3 scrolls of teleportation {unknown}
 g - 3 scrolls of fear {unknown}
 i - 6 scrolls of identify
 j - a scroll of silence {unknown}
 o - a scroll of enchant weapon {unknown}
Potions
 e - a potion of invisibility {unknown}
 m - a potion of curing
 n - a potion of heal wounds {unknown}
 p - 2 potions of flight
 q - 3 potions of brilliance {unknown}
 r - a potion of magic {unknown}


   Skills:
 + Level 3.4 Fighting
 - Level 2.0 Short Blades
 + Level 3.3 Throwing
 + Level 2.8 Dodging
 + Level 6.7 Stealth
 + Level 1.2 Spellcasting
 + Level 1.6 Transmutations
 + Level 0.0 Poison Magic


You had 2 spell levels left.
You knew the following spells:

 Your Spells              Type           Power      Damage    Failure   Level
a - Wereblood             Tmut           5%         N/A       21%         2
b - Spider Form           Tmut/Pois      1%         N/A       50%         3

Your spell library contained the following spells:

 Spells                   Type           Power      Damage    Failure   Level
 Beastly Appendage        Tmut           10%        N/A       13%         1
 Ice Form                 Ice/Tmut       3%         N/A       88%         4


Dungeon Overview and Level Annotations

Branches:
Dungeon (3/15)              Sewer (1/1)

Altars:
Elyvilon

Shops:
D:3 =[*


Innate Abilities, Weirdness & Mutations

You cannot wear most types of armour.
You are amphibious.
You can wear up to eight rings at the same time.
Your skin changes colour to match your surroundings (Stealth+).
Your rubbery body absorbs attacks. (AC +1, EV +1)
You are camouflaged near water. (Stealth+)
You have tentacles for arms and can constrict up to eight enemies at once.


Message History

You feel sick.
You feel sick.
You feel sick.
You feel sick.
You are no longer poisoned.
You feel yourself speed up.
A kobold brigand is nearby!
You start resting.
HP restored.
The kobold brigand throws a curare-tipped dart.
The curare-tipped dart hits you.
You are poisoned.
You have difficulty breathing.
You feel yourself slow down.
You feel very sick.
You feel very sick.
The kobold brigand hits you with a +0 short sword!
The kobold brigand hits you with a +0 short sword.
Unknown command.
You feel better.
The kobold brigand hits you with a +0 short sword.
You hit the kobold brigand.
The kobold brigand is poisoned.
Your grab misses the kobold brigand. Your squeeze misses the kobold brigand.
The kobold brigand is lightly wounded.
The kobold brigand splashes around in the water. x2
You closely miss the kobold brigand. Your grab misses the kobold brigand.
The kobold brigand is lightly wounded.
The kobold brigand hits you with a +0 short sword.
You barely miss the kobold brigand. Your grab misses the kobold brigand.
The kobold brigand is lightly wounded.
The kobold brigand splashes around in the water.
The kobold brigand hits you with a +0 short sword!
* * * LOW HITPOINT WARNING * * *
You feel better. The kobold brigand misses you.
It was a potion of flight.
You feel very buoyant.
You fly up into the air.
The kobold brigand hits you with a +0 short sword.
* * * LOW HITPOINT WARNING * * *
The kobold brigand hits you with a +0 short sword!
You die...

##### ##### ##.≈.##
##..≈##
#..≈≈≈#####≈≈≈..#####≈K≈
#≈≈...≈≈≈≈≈..÷≈......!.K
#...†.#####...≈.#####.?.
##.≈.## ##...## ##≈##
##K## #≈# #@# #≈# #≈#
##≈## ##≈## # ##.≈.##
##≈..##
####.∩≈.≈#####..≈..####..
≈≈≈≈≈.∩.≈≈≈≈≈≈≈...≈≈≈≈≈.≈
####.≈..≈#####≈.≈..####.
# ##.≈.#######.≈.##
##≈####≈####≈##


You could see a kobold brigand (poisoned).

Vanquished Creatures
  2 kobold brigands (Sewer)
  A jelly (D:3)
  A gnoll (D:1)
  8 adders
  A worm (D:2)
  A dart slug (D:1)
  4 bats
  5 endoplasms
  A giant cockroach (D:2)
  5 goblins
  6 hobgoblins
  9 jackals
  6 kobolds
  7 quokkas
  3 ball pythons
  A frilled lizard (D:3)
  2 rats
63 creatures vanquished.

Notes
Turn   | Place    | Note
-------+----------+-------------------------------------------
     0 | D:1      | flotson the Octopode Brigand began the quest for the Orb.
     0 | D:1      | Reached XP level 1. HP: 14/14 MP: 1/1
    81 | D:1      | Reached XP level 2. HP: 16/19 MP: 2/2
   609 | D:1      | Reached XP level 3. HP: 22/25 MP: 3/3
  1343 | D:2      | Reached skill level 6 in Stealth
  1343 | D:2      | Reached XP level 4. HP: 30/30 MP: 4/4
  1491 | D:2      | Found a faded altar of an unknown god.
  1678 | D:2      | Learned a level 2 spell: Wereblood
  1797 | D:2      | Found a white marble altar of Elyvilon.
  1919 | D:3      | Found Okono's General Store.
  1926 | D:3      | Bought a potion of curing for 39 gold pieces
  1926 | D:3      | Bought a scroll of identify for 26 gold pieces
  1926 | D:3      | Bought a scroll of identify for 26 gold pieces
  1937 | D:3      | Found Gudo's Jewellery Emporium.
  1940 | D:3      | Found Giobazaj's Armour Emporium.
  2239 | D:3      | Reached XP level 5. HP: 36/36 MP: 5/5
  2361 | D:3      | Found a glowing drain.
  2445 | Sewer    | Entered a sewer
  2455 | Sewer    | Reached skill level 1 in Transmutations
  2481 | Sewer    | Noticed a kobold brigand
  2482 | Sewer    | Noticed a kobold brigand
  2488 | Sewer    | Killed a kobold brigand
  2489 | Sewer    | Reached skill level 1 in Spellcasting
  2489 | Sewer    | Reached XP level 6. HP: 33/42 MP: 7/7
  2597 | Sewer    | Learned a level 3 spell: Spider Form
  2849 | Sewer    | Slain by a kobold brigand

Illustrated notes

Levels and vault maps discovered:
D:1:      dpeg_arrival_refuge, layout_basic
D:2:      layout_rooms, basic_altar, hellmonk_ecumenical_altar_lost_god
D:3:      layout_loops_corners, gammafunk_ghost_nasty_kobolds,
          portal_sewer_entry_d, serial_shops, shop, nicolae_shop_crystal,
          shop_statue, shop_statue, shop
Sewer:    sewer_co_15_rooms

Skill      XL: |  1  2  3  4  5 |
---------------+----------------+-----
Dodging        | 2 |  2.8
Stealth        | 6 |  6.7
Fighting       | 3 |  3.4
Throwing       | 3 |  3.3
Transmutations | 1 |  1.6
Spellcasting   | 1 |  1.2
Short Blades   | |  2.0

Action                   |  1- 3 |  4- 6 || total
-------------------------+-------+-------++-------
Melee: Dagger            |    68 |    50 ||   118
       Constrict         |    17 |     9 ||    26
       Tentacles         |    10 |     7 ||    17
Throw: Dart              |    42 |    15 ||    57
  Use: Potion            |       |     3 ||     3
 Stab: Sleeping          |     1 |    13 ||    14
Armor: Skin              |     6 |     1 ||     7
Dodge: Dodged            |    38 |    16 ||    54

Table legend: (Time is in decaauts)
 A = Elapsed time spent in this place.
 B = Non-inter-level travel time spent in this place.
 C = Inter-level travel time spent in this place.
 D = Time resting spent in this place.
 E = Time spent auto-exploring this place.
 F = Levels seen in this place.
 G = Mean time per level.
                   A        B        C        D        E       F      G
               +--------+--------+--------+--------+--------+-----+--------+
         Total |   2837 |   2736 |    101 |    266 |   1957 |   4 |  709.2 |
       Dungeon |   2426 |   2325 |    101 |     77 |   1835 |   3 |  808.7 |
         Sewer |    411 |    411 |      0 |    189 |    122 |   1 |  411.0 |
               +--------+--------+--------+--------+--------+-----+--------+

Top non-repeatable levels by time:
     D:1: 1169 daAuts
     D:2: 732 daAuts
     D:3: 524 daAuts
   Sewer: 411 daAuts
